 Dungeon Crawl Stone Soup version 0.30-a0-304-gdc4b735fe1 (webtiles) character file.

Game seed: 5596512151121343831

147 lunkers the Digger (level 5, -6/36 (38) HPs)
             Began as a Meteoran Earth Elementalist on Oct 21, 2022.
             Splashed by a jelly's acid (8 damage)
             ... on level 4 of the Dungeon.
             The game lasted 00:01:57 (1071 turns).

lunkers the Digger (Meteoran Earth Elementalist)    Turns: 1071, Time: 00:01:58

HP:   -6/36 (38)    AC: -1    Str:  9    XL:     5   Next: 85%
MP:   2/12          EV: 12    Int: 18    God:
Gold: 134           SH:  3    Dex: 15    Spells: 6/12 levels left

rFire   + . .      SeeInvis .    (no weapon)
rCold   . . .      Faith    .    f - +0 buckler
rNeg    . . .      Spirit   .    a - +0 robe
rPois   .          Reflect  .    (no helmet)
rElec   .          Harm     .    (no cloak)
rCorr   .          Rampage  .    (no gloves)
Will    .....                    p - +0 pair of boots
Stlth   +.........               s - amulet of the acrobat
HPRegen 0.26/turn                g - ring of protection from fire
MPRegen 0.13/turn                (no ring)

@: corroded, glowing, drained
A: sense surroundings 1, otherworldly, glowing, explore regen
a: no special abilities


You were on level 4 of the Dungeon.
You visited 1 branch of the dungeon, and saw 4 of its levels.

You collected 134 gold pieces.

Inventory:

Armour
 a - a +0 robe (worn)
 f - a +0 buckler (worn)
 p - a +0 pair of boots (worn)
Magical Staves
 l - a staff of death
Jewellery
 g - a ring of protection from fire (left hand)
 s - an amulet of the acrobat (around neck)
Scrolls
 d - 3 scrolls of magic mapping {unknown}
 h - 5 scrolls of identify {unknown}
 k - a scroll of enchant armour {unknown}
 o - a scroll of fear {unknown}
 r - a scroll of amnesia {unknown}
Potions
 b - a potion of magic
 c - a potion of degeneration {unknown}
 e - a potion of cancellation {unknown}
 i - a potion of attraction {unknown}
 j - a potion of might {unknown}
 m - a potion of heal wounds {unknown}
 n - a potion of resistance {unknown}
 q - a potion of ambrosia {unknown}


   Skills:
 - Level 2.4 Dodging
 - Level 1.4 Stealth
 + Level 4.3 Spellcasting
 + Level 2.1 Conjurations
 - Level 1.2 Transmutations
 + Level 5.5 Earth Magic


You had 6 spell levels left.
You knew the following spells:

 Your Spells              Type           Power      Damage    Failure   Level
a - Sandblast             Erth           46%        2d11      1%          1
b - Passwall              Tmut/Erth      13%        N/A       8%          2
c - Stone Arrow           Conj/Erth      34%        3d9       12%         3

Your spell library contained the following spells:

 Spells                   Type           Power      Damage    Failure   Level
 Petrify                  Tmut/Erth      16%        N/A       43%         4


Dungeon Overview and Level Annotations

Branches:
Dungeon (4/15) Zot: 1286
 Temple: D:4-7

Altars:
Kikubaaqudgha


Innate Abilities, Weirdness & Mutations

You passively map a small area around you.
You are easily found by Zot.
You glow in the dark.
You regain HP and MP as you explore.


Message History

The jackal closely misses you. The orc barely misses you.
The orc completely misses you.
The jackal bites you but does no damage.
Unknown command.
Unknown command.
Aiming: Sandblast (safe; 1% risk of failure)
Press: ? - help, Q - select action, (/) - cycle Shift-Dir - straight line, f/p - orc
Aim: an orc, wielding a +0 short sword of draining and wearing a +0 chain mail (lightly wounded, 87% to hit)
The blast of sand hits the orc!
You kill the orc!
The jackal bites you.
* * * LOW HITPOINT WARNING * * *
You block the orc's attack. The jackal bites you.
* * * LOW HITPOINT WARNING * * *
The orc hits you but does no damage. The jelly barely misses you.
Aiming: Sandblast (safe; 1% risk of failure)
Press: ? - help, Q - select action, (/) - cycle Shift-Dir - straight line, f - jelly
Aim: a jelly (100% to hit)
The blast of sand hits the jelly!
The jelly is heavily wounded.
The jackal bites you.
* * * LOW HITPOINT WARNING * * *
The jackal closely misses you. The jelly hits you but does no damage.
The orc hits you with a +0 club.
* * * LOW HITPOINT WARNING * * *
Aiming: Sandblast (safe; 1% risk of failure)
Press: ? - help, Q - select action, (/) - cycle Shift-Dir - straight line, f/p - jelly
Aim: a jelly (heavily wounded, 100% to hit)
The blast of sand hits the jelly.
The jelly is severely wounded.
The orc wizard shouts!
* * * LOW MAGIC WARNING * * *
The jackal barely misses you. The jelly hits you but does no damage.
The orc barely misses you. The jackal closely misses you.
The orc hits you with a +0 club.
* * * LOW HITPOINT WARNING * * *
The jelly hits you.
* * * LOW HITPOINT WARNING * * *
The acid corrodes you!
You are splashed with acid!
You die...

, ,, , ...........
, , , .......o..# ,
, ...........##, ,
.............# * ,
..............# ,
...........?...# ,
..........Joh..####
...........@.......
* ,
..............##..#
..............#
..............# ,
..............# ,
.............##
............## , ,
.........))##
.........).#


You could see a jelly, an orc wizard, an orc and a jackal.

Vanquished Creatures
  An orc priest (D:4)
  An orc wizard (D:3)
  3 adders
  A worm (D:3)
  9 orcs
  2 bats
  4 endoplasms
  3 giant cockroaches
  2 goblins
  4 hobgoblins
  5 jackals
  2 quokkas (D:2)
  6 ball pythons
  4 frilled lizards
  4 kobolds
  2 rats (D:3)
53 creatures vanquished.

Notes
Turn   | Place    | Note
-------+----------+-------------------------------------------
     0 | D:1      | lunkers the Meteoran Earth Elementalist began the quest for
                  | the Orb.
     0 | D:1      | Reached XP level 1. HP: 14/14 MP: 5/5
   123 | D:1      | Reached XP level 2. HP: 20/20 MP: 4/6
   140 | D:1      | Reached skill level 4 in Earth Magic
   446 | D:2      | Reached XP level 3. HP: 26/26 MP: 6/8
   595 | D:2      | Learned a level 2 spell: Passwall
   599 | D:2      | Learned a level 3 spell: Stone Arrow
   625 | D:2      | Reached XP level 4. HP: 33/33 MP: 5/10
   811 | D:3      | Reached skill level 5 in Earth Magic
   843 | D:3      | Reached skill level 1 in Conjurations
   843 | D:3      | Reached XP level 5. HP: 23/38 MP: 1/11
   892 | D:3      | Found an ancient bone altar of Kikubaaqudgha.
  1071 | D:4      | Splashed by a jelly's acid

Illustrated notes

Levels and vault maps discovered:
D:1:      eino_arrival_cavern_b, layout_rooms
D:2:      layout_loops_ring, serial_shops, shop
D:3:      layout_rooms, kiku_gazebo_pond_becter, slow_altar_2,
          lemuel_crystal_altar, kennysheep_crisscross, dk_vineyard_3,
          kennysheep_nub, skrybe_limestone_x
D:4:      cheibrodos_thug_alley, layout_basic, kennysheep_mini,
          overflow_temple_1_default, mainiacjoe_overflow_alcove_2

Skill      XL: |  1  2  3  4  5 |
---------------+----------------+-----
Earth Magic    | 4 5 |  5.5
Spellcasting   | 3 4 |  4.3
Conjurations   | 1 2 |  2.1
Dodging        | |  2.4
Stealth        | |  1.4
Transmutations | |  1.2

Action                   |  1- 3 |  4- 6 || total
-------------------------+-------+-------++-------
 Cast: Sandblast         |    29 |    54 ||    83
Armor: Robe              |       |    14 ||    14
Dodge: Dodged            |     1 |    17 ||    18
Block: Buckler           |       |     9 ||     9

Table legend: (Time is in decaauts)
 A = Elapsed time spent in this place.
 B = Non-inter-level travel time spent in this place.
 C = Inter-level travel time spent in this place.
 D = Time resting spent in this place.
 E = Time spent auto-exploring this place.
 F = Levels seen in this place.
 G = Mean time per level.
                   A        B        C        D        E       F      G
               +--------+--------+--------+--------+--------+-----+--------+
         Total |   1112 |   1034 |     78 |      0 |    753 |   4 |  278.0 |
       Dungeon |   1112 |   1034 |     78 |      0 |    753 |   4 |  278.0 |
               +--------+--------+--------+--------+--------+-----+--------+

Top non-repeatable levels by time:
     D:2: 453 daAuts
     D:1: 358 daAuts
     D:3: 231 daAuts
     D:4: 68 daAuts
